Map: [ESL] Waterfall

Players

Reynor - Winner!

  • Race: Zerg Zerg
  • Spawn Location: 7:00

HeroMarine

  • Race: Terran Terran
  • Spawn Location: 1:00

Event: DreamHack SC2 Masters 2022 Atlanta (Online)

VOD

Have the link to the VOD?

Description

Time

  • Played on: Oct. 14, 2022, 2:36 p.m.
  • Length: 9:46

All games in this series

Show
View Real Time Build Order
Export as new Build Order

Reynor Zerg - Winner!

Build Orders: Hatch First 

Get SALT Encoding   

  12  0:00  Drone  
  13  0:11  Overlord  
  13  0:16  Drone  
  14  0:30  Drone x2  
  16  0:47  Hatchery  
  15  0:51  Drone  
  15  0:54  Drone  
  17  0:58  Drone  
  18  1:09  Extractor  
  17  1:13  Spawning Pool  
  17  1:17  Drone  
  17  1:21  Drone  
  18  1:27  Drone  
  19  1:38  Drone  
  20  1:49  Overlord  
  20  2:00  Zergling x2, Queen x2  
  20  2:01  Zergling x2  
  26  2:10  Drone x2  
  28  2:21  Drone x2  
  30  2:29  Hatchery  
  29  2:32  Drone  
  29  2:35  Drone  
  31  2:41  Metabolic Boost  
  31  2:43  Drone  
  32  2:47  Overlord  
  31  2:53  Queen  
  31  2:56  Drone  
  31  2:57  Drone  
  35  3:05  Drone  
  35  3:06  Drone  
  35  3:08  Queen  
  35  3:11  Overlord  
  39  3:14  Drone  
  39  3:17  Drone  
  39  3:18  Drone  
  42  3:21  Drone  
  43  3:29  Queen  
  43  3:31  Drone  
  43  3:32  Overlord  
  46  3:36  Drone  
  46  3:41  Queen  
  49  3:42  Zergling x2  
  49  3:43  Zergling x2  
  49  3:47  Zergling x2  
  52  3:50  Queen  
  52  3:54  Zergling x2  
  55  3:56  Drone  
  55  3:57  Overlord  
  55  4:01  Zergling x4  
  58  4:03  Drone  
  58  4:04  Drone  
  58  4:05  Drone  
  61  4:11  Drone  
  61  4:13  Overlord  
  61  4:15  Drone  
  61  4:16  Drone x2  
  65  4:18  Drone  
  65  4:21  Lair  
  65  4:23  Drone  
  67  4:26  Drone  
  67  4:30  Baneling Nest, Drone  
  67  4:31  Extractor  
  67  4:33  Drone  
  67  4:35  Drone  
  67  4:37  Drone x2  
  71  4:44  Overlord  
  68  4:46  Drone x3  
  68  4:51  Zergling x6  
  68  4:52  Drone  
  74  4:56  Overlord  
  74  4:59  Zergling x2  
  73  5:01  Overlord  
  73  5:04  Zergling x6  
  73  5:05  Drone x2  
  73  5:06  Overlord  
  78  5:08  Drone  
  78  5:12  Overlord  
  79  5:16  Drone  
  79  5:21  Drone  
  81  5:25  Drone  
  81  5:26  Centrifugal Hooks  
  81  5:27  Drone  
  83  5:29  Drone  
  83  5:31  Drone  
  83  5:33  Drone  
  83  5:34  Drone  
  86  5:42  Drone x3  
  89  5:44  Extractor  
  89  5:46  Drone, Hatchery  
  88  5:50  Queen, Evolution Chamber  
  88  5:51  Zergling x8  
  88  5:54  Overlord  
  88  5:56  Extractor  
  93  5:57  Zergling x2  
  93  5:58  Queen  
  93  6:00  Zergling x2  
  96  6:07  Zergling x4  
  96  6:09  Queen  
  96  6:10  Overlord  
  100  6:11  Zergling x2  
  100  6:12  Zergling x4  
  100  6:15  Zergling x4  
  100  6:16  Zerg Ground Armor Level 1  
  100  6:18  Zergling x4  
  106  6:22  Zergling x4  
  106  6:23  Zergling x4  
  106  6:27  Drone  
  106  6:30  Drone  
  107  6:35  Zergling x4  
  107  6:37  Spore Crawler  
  107  6:39  Queen  
  110  6:40  Baneling  
  110  6:41  Baneling x9  
  110  6:44  Zergling x4  
  110  6:45  Zergling x2  
  112  6:47  Zergling x2  
  112  6:48  Zergling x2  
  112  6:52  Overlord  
  112  6:53  Zergling x6  
  117  7:01  Drone x3  
  117  7:02  Drone  
  117  7:08  Drone x2  
  117  7:11  Drone x2  
  117  7:13  Drone x2  
  118  7:17  Evolution Chamber  
  118  7:18  Drone  
  118  7:20  Drone  
  120  7:22  Drone  
  120  7:23  Drone  
  120  7:24  Drone x3  
  120  7:25  Drone x3  
  127  7:30  Drone x2  
  127  7:32  Zergling x8  
  127  7:33  Zergling x2  
  134  7:37  Overlord  
  134  7:42  Zergling x6  
  134  7:45  Queen, Zerg Melee Weapons Level 1  
  134  7:49  Zergling x2  
  134  7:50  Zergling x4, Hatchery  
  138  7:57  Zergling x18  
  147  8:00  Drone  
  147  8:01  Infestation Pit  
  147  8:03  Baneling x15  
  147  8:05  Overlord  
  147  8:06  Overlord  
  144  8:13  Zergling x16  
  144  8:19  Drone  
  151  8:21  Drone  
  151  8:22  Overlord x2  
  152  8:31  Zergling x18  
  161  8:39  Zergling x6  
  164  8:43  Zergling x2  
  164  8:47  Overlord  
  164  8:49  Baneling x14  
  164  8:50  Queen x2  
  164  8:54  Zergling x2  
  164  8:55  Zergling x10  
  174  8:57  Queen  
  174  9:01  Zergling x12  
  179  9:03  Overlord  
  179  9:08  Zergling x8  
  179  9:09  Zergling x2  
  181  9:11  Zergling x2  
  181  9:13  Zergling x2  
  181  9:16  Zergling x2  
  185  9:18  Zergling x2  
  185  9:20  Baneling x18  
  185  9:23  Zergling x10  
  187  9:24  Zergling x2  
Show
View Real Time Build Order
Export as new Build Order

HeroMarine Terran 

Build Orders:  

Get SALT Encoding   

  12  0:00  SCV  
  13  0:12  SCV  
  14  0:17  Supply Depot  
  14  0:24  SCV  
  15  0:38  SCV  
  15  0:40  Barracks  
  16  0:43  Refinery  
  16  0:50  SCV  
  17  1:02  SCV  
  18  1:15  SCV  
  19  1:27  Orbital Command, Marine  
  20  1:40  Command Center  
  20  1:51  Factory  
  20  1:55  SCV  
  21  2:04  Supply Depot, Barracks Reactor  
  21  2:08  SCV  
  21  2:14  Refinery  
  22  2:20  SCV  
  23  2:32  SCV  
  23  2:35  Hellion  
  26  2:39  Starport  
  26  2:41  Marine x2  
  28  2:45  SCV  
  29  2:52  Orbital Command  
  29  2:57  SCV  
  30  3:01  Hellion  
  30  3:03  Marine  
  33  3:07  Marine  
  33  3:09  SCV  
  35  3:15  Medivac  
  35  3:19  SCV  
  38  3:21  SCV  
  38  3:24  Hellion  
  38  3:26  Marine  
  42  3:28  Marine  
  42  3:33  Supply Depot  
  43  3:34  SCV  
  43  3:35  SCV  
  45  3:46  SCV, Starport Tech Lab  
  46  3:54  SCV  
  47  3:55  Barracks Tech Lab  
  47  3:56  Supply Depot  
  47  3:57  Hellion x2  
  47  3:59  SCV  
  52  4:05  Raven  
  54  4:10  Supply Depot  
  54  4:14  Stimpack  
  54  4:18  SCV x2, Hellion x2  
  60  4:27  Marine  
  60  4:30  SCV  
  62  4:31  SCV  
  62  4:37  Barracks  
  62  4:38  Barracks  
  63  4:44  SCV x2  
  61  4:50  Marine  
  60  4:53  Engineering Bay  
  60  4:56  SCV x2  
  60  5:02  Barracks  
  60  5:03  Refinery x2  
  60  5:04  Barracks  
  60  5:06  Starport Reactor  
  60  5:08  SCV  
  60  5:09  SCV  
  60  5:10  Siege Tank, Marine  
  66  5:20  SCV  
  66  5:21  SCV  
  60  5:32  Barracks Reactor, Marine  
  60  5:33  SCV x2, Terran Infantry Weapons Level 1  
  57  5:40  Marine x2  
  59  5:43  Supply Depot, Siege Tank  
  59  5:44  Supply Depot  
  59  5:45  SCV x2  
  59  5:46  Medivac  
  59  5:49  Medivac  
  68  5:52  Marine  
  69  5:57  Marine  
  70  6:05  Supply Depot, Barracks Reactor, Combat Shield, Marine  
  70  6:09  Barracks Reactor  
  70  6:10  Marine x3  
  74  6:15  Marine  
  75  6:21  Supply Depot  
  75  6:22  Siege Tank, Marine  
  79  6:28  Marine x3  
  82  6:33  Marine  
  82  6:38  Command Center  
  83  6:40  Marine  
  83  6:43  Medivac x2  
  83  6:44  Marine x2  
  83  6:45  Marine  
  83  6:46  Marine x2  
  93  6:47  Supply Depot  
  93  6:48  Marine  
  93  6:49  Marine  
  93  6:53  Marine  
  96  6:57  Supply Depot  
  96  6:58  Marine  
  97  7:02  Marine x2  
  97  7:03  Marine  
  97  7:04  Marine  
  99  7:08  Marine x2  
  99  7:11  Marine x2  
  99  7:13  Siege Tank  
  99  7:15  Medivac  
  102  7:16  Marine  
  102  7:19  Medivac, Marine  
  102  7:20  Marine  
  102  7:21  Marine x2  
  109  7:26  Marine x2  
  109  7:29  Marine x2  
  113  7:34  Marine  
  114  7:37  Marine x2  
  114  7:39  Marine x2  
  118  7:49  Liberator x2, Marine x2  
  124  7:51  Marine  
  124  7:52  Marine  
  124  7:53  Marine  
  124  7:55  Marine x2  
  124  7:57  Marine x2  
  130  8:01  Siege Tank  
  130  8:05  Supply Depot, SCV x2  
  135  8:07  Marine x2  
  135  8:09  Marine  
  138  8:15  SCV  
  138  8:16  Marine x3  
  141  8:24  Supply Depot  
  141  8:26  SCV, Marine x2  
  144  8:31  Marine x4  
  144  8:32  Liberator  
  149  8:37  Orbital Command  
  149  8:45  Liberator, Marine x2  
  154  8:49  Marine  
  154  8:50  Marine  
  154  8:55  Marine  
  157  9:01  Supply Depot  
  157  9:02  Supply Depot  
  157  9:03  Supply Depot  
  157  9:06  Marine  
  157  9:07  Marine x5  
  157  9:09  Marine  
  157  9:10  Marine  
  157  9:13  Marine  
  146  9:24  Marine x2  
  121  9:25  Marine x4  
  121  9:27  Marine  
  121  9:28  Marine  
Tags
 
Add a new tag
Caveats
  • Supply blocks, unpowered buildings, or Contaminate may cause inaccurate times.
  • Supply counts are checked every 10 seconds.